 Dungeon Crawl Stone Soup version 0.21.0-24-g2553a33 (webtiles) character file.

195 stupendous the Shield-Bearer (level 6, -5/49 HPs)
             Began as a Formicid Fighter on Jan 21, 2018.
             Slain by an ogre
             ... wielding a +0 giant spiked club
              (17 damage)
             ... on level 4 of the Dungeon.
             The game lasted 00:05:24 (2851 turns).

stupendous the Shield-Bearer (Formicid Fighter)     Turns: 2851, Time: 00:05:25

Health: -5/49      AC:  9    Str: 20    XL:     6   Next: 4%
Magic:  6/6        EV:  6    Int:  8    God:
Gold:   93         SH: 10    Dex: 12    Spells: 5/5 levels left

rFire    . . .     SeeInvis +   a - +0 long sword
rCold    . . .     Gourm    .   c - +0 shield
rNeg     . . .     Faith    .   n - +0 chain mail
rPois    .         Spirit   .   (helmet unavailable)
rElec    .         Reflect  .   (no cloak)
rCorr    .         Harm     .   (no gloves)
MR       .....                  (no boots)
Stlth    ..........             (no amulet)
HPRegen  0.16/turn              (no ring)
MPRegen  0.10/turn              (no ring)

@: no status effects
A: permanent stasis, dig shafts and tunnels, four strong arms, antennae 3
a: Dig, Shaft Self


You were on level 4 of the Dungeon.
You were not hungry.

You visited 1 branch of the dungeon, and saw 4 of its levels.

You collected 93 gold pieces.

Inventory:

Hand Weapons
 a - a +0 long sword (weapon)
Armour
 c - a +0 shield (worn)
 n - a +0 chain mail (worn)
Scrolls
 b - a scroll of fear {unknown}
 j - a scroll of random uselessness {unknown}
 k - 3 scrolls of remove curse {unknown}
 l - 4 scrolls of identify {unknown}
 o - a scroll of noise {unknown}
 p - 2 scrolls of teleportation {unknown}
 r - a scroll of blinking {unknown}
Potions
 d - a potion of might
 e - a potion of lignification {unknown}
 g - a potion of ambrosia {unknown}
 h - a potion of degeneration {unknown}
 i - a potion of haste {unknown}
 m - a potion of resistance
 q - a potion of cancellation {unknown}
Comestibles
 f - 7 rations


   Skills:
 + Level 4.3 Fighting
 + Level 3.3 Long Blades
 + Level 4.4 Armour
 + Level 4.9 Shields


You had 5 spell levels left.
You didn't know any spells.

Dungeon Overview and Level Annotations

Branches:
Dungeon (4/15)
 Temple: D:4-7

Altars:
Dithmenos
Trog


Innate Abilities, Weirdness & Mutations

You cannot be hasted, slowed, berserked, paralysed or teleported.
You can dig through walls and to a lower floor.
Your four strong arms can wield two-handed weapons with a shield.
You have a pair of large antennae on your head. (SInv)


Message History

The ogre is lightly wounded.
You block the ogre's attack.
You slash the ogre!
The ogre is heavily wounded.
The ogre hits you with a giant spiked club!
You hit the ogre but do no damage.
The ogre is heavily wounded.
The ogre hits you with a giant spiked club!
You hit the ogre but do no damage.
The ogre is heavily wounded.
The ogre barely misses you.
You riposte.
You completely miss the ogre.
The ogre is heavily wounded.
You slash the ogre!
The ogre is severely wounded.
The ogre hits you with a giant spiked club!!
* * * LOW HITPOINT WARNING * * *
Your shield and chain mail prevent you from hitting the ogre.
The ogre is severely wounded.
The ogre hits you with a giant spiked club!
You die...

#......†....#..# #
########.##.##.##.#
#................#
#.#####.##.##.####
##.#.#..# #...#.#
##.##.# #.##.#
..##@#
#####O#####.#.
######.........
#...........#..
##.###.#.#.#....
#..(...........#.
##.#.###.#.#.##.#
..#.####...## #
#...........


You could see an ogre.

Vanquished Creatures
  3 gnolls (D:3)
  A howler monkey skeleton (D:4)
  8 adders
  2 oozes
  2 worms
  2 dart slugs
  2 leopard geckos
  2 bats
  4 giant cockroaches
  6 goblins
  6 hobgoblins
  8 jackals (D:1)
  A quokka (D:3)
  7 frilled lizards
  5 kobolds
  13 rats
72 creatures vanquished.

Notes
Turn   | Place    | Note
-------+----------+-------------------------------------------
     0 | D:1      | stupendous the Formicid Fighter began the quest for the Orb.
     0 | D:1      | Reached XP level 1. HP: 18/18 MP: 1/1
    29 | D:1      | Reached XP level 2. HP: 20/24 MP: 2/2
    89 | D:1      | Reached XP level 3. HP: 11/29 MP: 3/3
   845 | D:2      | Reached XP level 4. HP: 37/37 MP: 4/4
  1700 | D:3      | Reached XP level 5. HP: 42/42 MP: 5/5
  1724 | D:3      | Found a shadowy altar of Dithmenos.
  1781 | D:3      | Found a bloodstained altar of Trog.
  2769 | D:4      | Noticed an ogre
  2830 | D:4      | Reached XP level 6. HP: 49/49 MP: 6/6
  2851 | D:4      | Slain by an ogre

Skill      XL: |  1  2  3  4 |
---------------+-------------+-----
Shields        | 4 |  4.9
Armour         | 4 |  4.4
Fighting       | 4 |  4.3
Long Blades    | 3 |  3.3

Action                   |  1- 3 |  4- 6 || total
-------------------------+-------+-------++-------
Melee: Long sword        |   118 |   247 ||   365
 Abil: Dig               |       |     1 ||     1
  Use: Potion            |       |     2 ||     2
  Eat: Chunk             |       |     7 ||     7
Armor: Scale mail        |    61 |    27 ||    88
       Chain mail        |       |    89 ||    89
Dodge: Dodged            |    51 |    78 ||   129
Block: Shield            |    62 |   150 ||   212
       Rpst.: Long sword |    17 |    26 ||    43
